 Dungeon Crawl Stone Soup version 0.31-a0-175-g9f7f995f2b (webtiles) character file.

Game seed: 6103341910347996504

933 qw the Chopper (level 8, -2/49 HPs)
             Began as a Gargoyle Fighter on June 17, 2023.
             Killed by nerve-wracking pain
             ... invoked by an orc priest
              (3 damage)
             ... on level 5 of the Dungeon.
             The game lasted 00:01:54 (3823 turns).

qw the Chopper (Gargoyle Fighter)                   Turns: 3823, Time: 00:01:55

Health: -2/49      AC: 17    Str: 22    XL:     8   Next: 11%
Magic:  8/8        EV:  8    Int:  9    God:
Gold:   162        SH:  4    Dex:  9    Spells: 7/7 levels left

rFire   x . .        Y - +0 war axe
rCold   . . .        c - +0 buckler
rNeg    + . .        f - +0 chain mail
rPois   inf          b - +0 helmet
rElec   +            (no cloak)
rCorr   +            g - +0 pair of gloves "Hocluske" {rElec rF- rCorr Slay+3}
SInv    .            (no boots)
Will    .....        (no amulet) Stlth
                     (no ring)
HPRegen 0.28/turn    (no ring)
MPRegen 0.11/turn

%: no passive effects
@: no status effects
A: sickness immunity, AC +5, negative energy resistance 1, electricity
resistance, torment resistance 1, petrification resistance
a: no special abilities


You were on level 5 of the Dungeon.
You visited 1 branch of the dungeon, and saw 5 of its levels.

You collected 162 gold pieces.


Innate Abilities, Weirdness & Mutations

You are immune to sickness and miasma.
Your stone body is resilient. (AC +5)
You are immune to poison.
You resist negative energy. (rN+)
You are resistant to electric shocks. (rElec)
You are resistant to unholy torment.
You are immune to petrification.


   Skills:
 - Level 5.1 Fighting
 + Level 7.1 Axes
 - Level 2.0 Throwing
 - Level 3.2 Armour
 - Level 1.6 Dodging
 - Level 3.2 Shields


You had 7 spell levels left.
You didn't know any spells.
Your spell library was empty.

Inventory:

Hand Weapons
 a - a +0 mace
 Y - a +0 war axe (weapon)
Missiles
 o - 5 boomerangs
 p - 4 silver javelins (quivered)
Armour
 b - a +0 helmet (worn)
 c - a +0 buckler (worn)
 f - a +0 chain mail (worn)
 g - the +0 pair of gloves "Hocluske" (worn) {rElec rF- rCorr Slay+3}
   (You found it on level 3 of the Dungeon)

   Slay:      It affects your accuracy & damage with ranged weapons and melee
   (+3).
   rF:        It makes you vulnerable to fire.
   rElec:     It insulates you from electricity.
   rCorr:     It protects you from acid and corrosion.
Scrolls
 i - a scroll of identify
 m - 2 scrolls of teleportation
Potions
 d - a potion of might
 h - 2 potions of curing
 j - a potion of attraction
 l - 3 potions of haste {unknown}
 n - a potion of cancellation {unknown}

Dungeon Overview and Level Annotations

Branches:
Dungeon (5/15)
 Temple: D:4-7

Altars:
Cheibriados
Elyvilon
Trog
Yredelemnul
The Shining One

Annotations:
D:2 1 runed translucent door, Crazy Yiuf
D:3 exclusion: hobgoblin


Message History

The killer bee stings you but does no damage.
You barely miss the killer bee.
The killer bee is almost dead.
You block the killer bee's attack.
The killer bee stings you but does no damage.
You hit the killer bee but do no damage.
The killer bee is almost dead.
The killer bee stings you. x2
3817 ||| READING 3 scrolls of teleportation.
As you read the scroll of teleportation, it crumbles to dust.
You feel strangely unstable. The killer bee stings you.
The killer bee closely misses you.
3818 ||| DRINKING potion of heal wounds.
You feel much better. The killer bee misses you. The killer bee stings you.
You slash the killer bee!
You kill the killer bee!
Your Fighting skill increases to level 5!
You start resting.
Your surroundings suddenly seem different.
An orc wizard, 2 orcs and 2 orc priests come into view.
The orc wizard shouts!
The orc shouts!
The orc priest shouts!
The orc shouts!
The orc priest shouts!
An iguana comes into view.
Enter note: The iguana hisses angrily.
You hit the orc.
The orc is moderately wounded.
The orc barely misses you.
The orc priest mumbles some strange prayers to Beogh against you.
Beogh smites you!
You slash the orc!
You kill the orc!
You slash the orc wizard!
The orc wizard is heavily wounded.
The orc priest calls down the wrath of Beogh upon you.
Beogh smites you!
The orc priest mumbles some strange prayers to Beogh against you.
Pain shoots through your body!
You die...

## .. #.
##. ..
#.########
#.........
#.@#
#.o)ool...
#...o....#
#..#####.#
#..# #..#
#..# ...#


You could see an iguana, 2 orc priests, an orc wizard and an orc.

Vanquished Creatures
  A centaur (D:5)
  A phantom (D:4)
  2 scorpions (D:3)
  3 killer bees (D:5)
  A howler monkey (D:4)
  A hound (D:5)
  2 centaur skeletons (D:4)
  An orc priest (D:3)
  A sleepcap (D:4)
  An iguana (D:2)
  Ijyb (D:3)
  2 orc wizards (D:3)
  A scorpion zombie (D:4)
  3 hound zombies (D:4)
  5 adders
  2 adder skeletons (D:4)
  5 worms
  5 dart slugs
  7 orcs
  8 bats
  8 endoplasms
  4 giant cockroaches
  8 goblins
  11 hobgoblins
  2 jackals
  7 kobolds
  4 quokkas
  7 ball pythons
  A frilled lizard (D:2)
  2 rats (D:1)
107 creatures vanquished.

Vanquished Creatures (others)
  A wizard (D:4)
1 creature vanquished.

Grand Total: 108 creatures vanquished

Notes
Turn   | Place    | Note
-------+----------+-------------------------------------------
     0 | D:1      | qw the Gargoyle Fighter began the quest for the Orb.
     0 | D:1      | Reached XP level 1. HP: 14/14 MP: 1/1
     0 | D:1      | 0 ||| qw: Version: 0.3-a-2-g5ab2908
     0 | D:1      | 0 ||| qw: Game counter: 154
     0 | D:1      | 0 ||| qw: Always use a shield: true
     0 | D:1      | 0 ||| qw: God list: Okawaru
     0 | D:1      | 0 ||| qw: Allow faded altars: false
     0 | D:1      | 0 ||| qw: Do Orc after D:15 true
     0 | D:1      | 0 ||| qw: Do second Lair branch before Depths: true
     0 | D:1      | 0 ||| qw: Lair rune preference: random
     0 | D:1      | 0 ||| qw: Plans: Normal, Zot:1-4, Slime:5, God:TSO, Crypt,
                  | Tomb, Abyss, Pan, Hells, Win
     0 | D:1      | 0 ||| PLANNING D:1-11
    56 | D:1      | Reached skill level 2 in Axes
   144 | D:1      | Reached XP level 2. HP: 19/19 MP: 2/2
   145 | D:1      | 145 ||| Stepping ~*~*~tactically~*~*~ (stealth).
   148 | D:1      | 148 ||| FLEEEEING.
   149 | D:1      | 149 ||| FLEEEEING.
   150 | D:1      | 150 ||| FLEEEEING.
   151 | D:1      | 151 ||| FLEEEEING.
   152 | D:1      | 152 ||| FLEEEEING.
   153 | D:1      | 153 ||| FLEEEEING.
   154 | D:1      | 154 ||| FLEEEEING.
   155 | D:1      | 155 ||| FLEEEEING.
   284 | D:1      | Reached skill level 3 in Axes
   289 | D:1      | Reached XP level 3. HP: 21/23 MP: 3/3
   665 | D:1      | 665 ||| DROPPING +6 ring of intelligence.
   666 | D:1      | 666 ||| READING scroll labelled XAACKO IFEHAXT.
   667 | D:1      | 667 ||| READING scroll labelled SETTOUPTIN.
   668 | D:1      | 668 ||| READING scroll labelled PALUCO GECRU.
   783 | D:2      | Reached XP level 4. HP: 7/28 MP: 4/4
   909 | D:2      | Found a faded altar of an unknown god.
   981 | D:2      | Reached skill level 4 in Axes
  1236 | D:2      | Found a runed translucent door.
  1237 | D:2      | Noticed Crazy Yiuf
  1606 | D:2      | 1606 ||| READING scroll labelled GUDDENKA DAIN.
  1607 | D:2      | 1607 ||| READING scroll labelled AFIAHU JA INUC.
  1608 | D:2      | 1608 ||| READING 2 scrolls labelled PEJAIL WULO.
  1609 | D:2      | 1609 ||| READING scroll labelled KOSIRCH LAGERA.
  1610 | D:2      | 1610 ||| READING scroll labelled RUORAA HIRUU.
  1611 | D:2      | 1611 ||| DRINKING 2 emerald potions.
  1612 | D:2      | 1612 ||| DROPPING scroll of poison.
  1651 | D:3      | 1651 ||| Stepping ~*~*~tactically~*~*~ (hiding).
  1657 | D:3      | Noticed a scorpion
  1672 | D:3      | Killed a scorpion
  1673 | D:3      | Reached XP level 5. HP: 28/32 MP: 5/5
  1720 | D:3      | Reached skill level 5 in Axes
  1755 | D:3      | 1755 ||| DROPPING +0 club.
  1782 | D:3      | Noticed Ijyb
  1783 | D:3      | 1783 ||| Stepping ~*~*~tactically~*~*~ (stealth).
  1784 | D:3      | 1784 ||| Stepping ~*~*~tactically~*~*~ (stealth).
  1787 | D:3      | Paralysed by Ijyb for 2 turns
  1791 | D:3      | Paralysed by Ijyb for 2 turns
  1801 | D:3      | Killed Ijyb
  1911 | D:3      | 1911 ||| Stepping ~*~*~tactically~*~*~ (hiding).
  1913 | D:3      | 1913 ||| Stepping ~*~*~tactically~*~*~ (hiding).
  1914 | D:3      | 1914 ||| Stepping ~*~*~tactically~*~*~ (hiding).
  1925 | D:3      | Found a white marble altar of Elyvilon.
  2013 | D:3      | Reached skill level 1 in Dodging
  2013 | D:3      | Reached XP level 6. HP: 38/38 MP: 6/6
  2036 | D:3      | 2036 ||| DRINKING potion of curing.
  2036 | D:3      | 2036 ||| (to cure confusion)
  2141 | D:3      | Identified the +0 pair of gloves "Hocluske" {rElec rF-
                  | rCorr Slay+3}
  2207 | D:3      | Found a snail-covered altar of Cheibriados.
  2236 | D:3      | Found a basalt altar of Yredelemnul.
  2449 | D:3      | 2449 ||| UPGRADING to +0 chain mail.
  2459 | D:3      | 2459 ||| DROPPING +0 scale mail.
  2460 | D:3      | 2460 ||| UPGRADING to +0 pair of gloves "Hocluske" {rElec
                  | rF- rCorr Slay+3}.
  2532 | D:3      | 2532 ||| UPGRADING to +0 helmet.
  2696 | D:3      | 2696 ||| READING 3 scrolls of identify.
  2696 | D:3      | 2696 ||| IDENTIFYING orange potion
  2697 | D:3      | 2697 ||| READING 2 scrolls of identify.
  2697 | D:3      | 2697 ||| IDENTIFYING fuming sapphire potion
  2698 | D:3      | 2698 ||| DROPPING potion of ambrosia.
  2861 | D:4      | 2861 ||| Stepping ~*~*~tactically~*~*~ (stealth).
  2868 | D:4      | Reached XP level 7. HP: 43/43 MP: 7/7
  2895 | D:4      | Reached skill level 6 in Axes
  3025 | D:4      | 3025 ||| Stepping ~*~*~tactically~*~*~ (hiding).
  3026 | D:4      | 3026 ||| Stepping ~*~*~tactically~*~*~ (hiding).
  3147 | D:4      | Found a bloodstained altar of Trog.
  3149 | D:4      | Noticed a wizard
  3155 | D:4      | Killed a wizard
  3182 | D:4      | 3182 ||| Stepping ~*~*~tactically~*~*~ (stealth).
  3264 | D:4      | Reached skill level 1 in Throwing
  3267 | D:4      | Identified the +0 quarterstaff of Mekyam {heavy, rCorr}
  3420 | D:4      | 3420 ||| Stepping ~*~*~tactically~*~*~ (stealth).
  3421 | D:4      | 3421 ||| Stepping ~*~*~tactically~*~*~ (stealth).
  3511 | D:4      | 3511 ||| Stepping ~*~*~tactically~*~*~ (stealth).
  3536 | D:4      | 3536 ||| Stepping ~*~*~tactically~*~*~ (stealth).
  3608 | D:4      | 3608 ||| DROPPING orb of mayhem.
  3609 | D:4      | 3609 ||| READING scroll labelled DIFOOZX OBUS.
  3610 | D:4      | 3610 ||| READING 2 scrolls of identify.
  3610 | D:4      | 3610 ||| IDENTIFYING brown potion
  3663 | D:5      | Entered Level 5 of the Dungeon
  3664 | D:5      | 3664 ||| PLANNING SEWER
  3719 | D:5      | Found a glowing golden altar of the Shining One.
  3745 | D:5      | Reached skill level 7 in Axes
  3795 | D:5      | Reached XP level 8. HP: 48/48 MP: 8/8
  3816 | D:5      | HP: 10/48 [killer bee (5)]
  3817 | D:5      | 3817 ||| READING 3 scrolls of teleportation.
  3818 | D:5      | 3818 ||| DRINKING potion of heal wounds.
  3823 | D:5      | HP: 1/49 [orc priest/divine providence (13)]
  3823 | D:5      | Killed from afar by an orc priest

Levels and vault maps discovered:
D:1:      onia_arrival_pyramid, layout_loops_ring, minmay_misc_feat_cross,
          roderic_roman_lattice
D:2:      layout_loops_ring, nicolae_ecumenical_lake_church,
          uniq_crazy_yiuf_cottage
D:3:      minmay_octagon_keep, layout_loops_ring, elyvilon_altar_4,
          mainiacjoe_overflow_large_starburst, kennysheep_minor_cross, uniq_ijyb
D:4:      layout_loops_ring, trog_wizard, serial_undead, serial_undead_b,
          serial_undead_a, serial_undead_a, serial_undead_a,
          hangedman_decor_growths
D:5:      layout_basic, mainiacjoe_overflow_small_starburst,
          mainiacjoe_overflow_paths, gammafunk_ghost_hive, gup_sewer_entry_bowl,
          nicolae_kite_square_tiling_tiny

Skill      XL: |  1  2  3  4  5  6  7  8 |
---------------+-------------------------+-----
Axes           | 2 3 4 5 7 |  7.1
Fighting       | 4 5 |  5.1
Dodging        | 1 |  1.6
Throwing       | 2 |  2.0
Armour         | |  3.2
Shields        | |  3.2

Action                     |  1- 3 |  4- 6 |  7- 9 || total
---------------------------+-------+-------+-------++-------
  Melee: War axe           |    70 |   179 |    66 ||   315
  Throw: Boomerang         |       |    49 |     6 ||    55
         Javelin           |       |       |    30 ||    30
    Use: Scroll            |     3 |     7 |     3 ||    13
         Potion            |       |     2 |     1 ||     3
 Armour: Scale mail        |    29 |    95 |       ||   124
         Chain mail        |       |    21 |    51 ||    72
  Dodge: Dodged            |    33 |    92 |    39 ||   164
  Block: Buckler           |    11 |    32 |    22 ||    65

Table legend:
 A = Non-vault XP
 B = Vault XP
 C = Vault XP percentage of total XP
 D = Non-vault monster count
 E = Vault monster count
 F = Vault count percentage of total count
                 A         B        C        D         E       F
            +---------+---------+-------+---------+---------+-------
      Total |     986 |     348 |  26.1 |      86 |      21 |  19.6
            +---------+---------+-------+---------+---------+-------
        D:1 |      47 |       0 |   0.0 |      23 |       0 |   0.0
        D:2 |      79 |       0 |   0.0 |      16 |       0 |   0.0
        D:3 |     246 |     159 |  39.3 |      21 |      13 |  38.2
        D:4 |     266 |     189 |  41.5 |      20 |       8 |  28.6
        D:5 |     348 |       0 |   0.0 |       6 |       0 |   0.0
            +---------+---------+-------+---------+---------+-------
